AoeStats
← CazadorGT

Arabia

508979731Analyzed
3v3 RM · 8d ago on Sep 24, 2026· 50m 36s· 6 players
Game mode
Random Map
Map size
Normal (6 player)
Population
200
Speed
Normal
Resources
Standard
Victory
Conquest
Starting age
Dark Age
Ending age
Imperial Age
RankedLock teamsTeams togetherTeam positionsShared explorationLock speedFull tech treeHidden civsTurbo modeCheats
Victory
Defeat
🇩🇪 Ethiopians · Germany
1206
+12
🇷🇴 Bulgarians · Romania
1163
+14
🇩🇪 Cumans · Germany
1057
+19
🇬🇹 Huns · Guatemala
1176
-17
🇻🇪 Franks · Venezuela
1138
-16
🇮🇹 Celts · Italy
1047
-12
CazadorGT
6:46 Loom
9:01 Feudal Age
11:49 Forging
14:08 Scale Barding Armor
14:20 Horse Collar
20:32 Castle Age
20:24 Bloodlines
20:23 Gold Mining
25:12 Double-Bit Axe
26:50 Chain Barding Armor
28:10 Iron Casting
33:27 Town Watch
34:20 Wheelbarrow
35:27 Fletching
42:52 Imperial Age
40:34 Bodkin Arrow
42:35 Gold Shaft Mining
42:47 Husbandry
43:00 Cavalier
44:02 Conscription
44:43 Plate Barding Armor
44:40 Bracer
45:05 Bow Saw
44:57 Heavy Plow
48:32 Blast Furnace
48:42 Padded Archer Armor
49:23 Elite Skirmisher
dejame_ganar
6:27 Loom
8:54 Feudal Age
14:05 Double-Bit Axe
22:00 Castle Age
21:10 Forging
21:05 Scale Barding Armor
21:26 Scale Barding Armor
24:53 Wheelbarrow
26:19 Husbandry
29:35 Town Watch
35:36 Iron Casting
35:22 Chain Barding Armor
44:11 Imperial Age
41:36 Fletching
41:46 Padded Archer Armor
43:52 Bodkin Arrow
44:12 Leather Archer Armor
44:16 Town Patrol
43:42 Elite Skirmisher
46:11 Chemistry
45:28 Murder Holes
46:27 Conscription
46:28 Pikeman
47:09 Squires
46:36 Cavalier
46:44 Light Cavalry
47:18 Halberdier
verbumdei76
3:13 Loom
12:48 Feudal Age
17:22 Town Watch
19:51 Fletching
24:17 Castle Age
22:58 Gold Mining
23:23 Double-Bit Axe
24:06 Padded Archer Armor
24:33 Scale Mail Armor
24:50 Man-at-Arms
27:01 Long Swordsman
33:52 Forging
36:21 Wheelbarrow
36:04 Scale Barding Armor
38:49 Masonry
43:35 Chain Mail Armor
48:23 Town Patrol
49:10 Iron Casting
MRP9NDA
3:21 Loom
6:37 Loom
9:05 Feudal Age
10:08 Double-Bit Axe
14:27 Horse Collar
21:18 Castle Age
20:13 Bloodlines
20:09 Scale Barding Armor
20:17 Fletching
21:57 Wheelbarrow
24:19 Gold Mining
24:40 Bow Saw
25:07 Heavy Plow
28:59 Chain Barding Armor
29:19 Husbandry
29:21 Bodkin Arrow
37:08 Thumb Ring
38:55 Ballistics
44:06 Imperial Age
42:14 Padded Archer Armor
43:02 Gold Shaft Mining
41:59 Light Cavalry
43:29 Leather Archer Armor
43:46 Hand Cart
44:16 Hussar
45:28 Parthian Tactics
47:16 Plate Barding Armor
46:42 Bracer
48:24 Conscription
Atlan
7:10 Loom
9:38 Feudal Age
10:16 Double-Bit Axe
13:41 Horse Collar
14:17 Fletching
17:55 Wheelbarrow
17:59 Gold Mining
18:53 Padded Archer Armor
21:59 Castle Age
22:01 Padded Archer Armor
23:42 Bow Saw
23:33 Heavy Plow
23:09 Crossbowman
25:59 Gold Shaft Mining
25:58 Bodkin Arrow
28:18 Leather Archer Armor
29:01 Hand Cart
29:57 Ballistics
30:18 Forging
33:06 Thumb Ring
35:14 Stone Mining
42:48 Imperial Age
40:31 Town Watch
44:10 Arbalester
44:56 Bracer
45:26 Ring Archer Armor
45:05 Husbandry
46:08 Chemistry
46:52 Conscription
48:21 Royal Heirs
Lava
10:39 Feudal Age
15:37 Wheelbarrow
24:34 Castle Age
22:55 Double-Bit Axe
23:05 Gold Mining
22:58 Horse Collar
24:05 Padded Archer Armor
23:56 Fletching
24:49 Stone Mining
26:16 Bloodlines
33:20 Thumb Ring
37:01 Imperial Age
37:01 Hand Cart
37:53 Ballistics
38:43 Chemistry
38:15 Parthian Tactics
38:11 Leather Archer Armor
38:02 Scale Barding Armor
39:45 Ring Archer Armor
39:10 Bodkin Arrow
40:40 Conscription
42:35 Chain Barding Armor
42:59 Bow Saw
43:32 Gold Shaft Mining
45:15 Elite Kipchak
46:58 Steppe Husbandry
46:59 Cuman Mercenaries
Connection lost

Rejoining the realm…

Still unreachable

The connection could not be restored.

Session expired

The server has moved on; the page needs a fresh start.